Map: Dusk Towers

Players

lIIlllllIIII (HuK) - Winner!

  • Race: Protoss Protoss
  • League: Grandmaster

Shura (Scarlett)

  • Race: Zerg Zerg
  • League: Grandmaster

Event: Team Gravity's Fight Night #39

VOD

Have the link to the VOD?

Description

Time

  • Played on: Nov. 20, 2015, 10:21 p.m.
  • Length: 11:05

All games in this series

Show
View Real Time Build Order
Export as new Build Order

lIIlllllIIII Protoss - Winner!

Build Orders: 1 Gate Expand 

Get SALT Encoding   

  12  0:01  Probe (Chrono Boost)  
  13  0:11  Probe (Chrono Boost)  
  14  0:22  Probe (Chrono Boost)  
  14  0:23  Pylon  
  15  0:41  Probe (Chrono Boost), Gateway  
  16  0:46  Assimilator  
  16  0:52  Probe (Chrono Boost)  
  17  1:02  Probe (Chrono Boost)  
  18  1:13  Probe (Chrono Boost)  
  19  1:23  Probe (Chrono Boost)  
  20  1:30  Nexus  
  20  1:34  Probe (Chrono Boost)  
  20  1:37  Cybernetics Core  
  21  1:42  Assimilator  
  21  1:44  Probe (Chrono Boost)  
  22  1:55  Pylon  
  22  1:56  Probe (Chrono Boost)  
  23  2:13  Probe (Chrono Boost), Adept, Warp Gate  
  26  2:22  Robotics Facility  
  26  2:26  Probe (Chrono Boost)  
  29  2:37  Mothership Core (Chrono Boost)  
  29  2:44  Probe (Chrono Boost)  
  30  2:54  Probe (Chrono Boost)  
  30  2:55  Probe (Chrono Boost)  
  32  3:05  Probe x2 (Chrono Boost)  
  34  3:10  Assimilator  
  34  3:12  Assimilator  
  36  3:15  Probe (Chrono Boost), Robotics Bay  
  36  3:16  Probe (Chrono Boost)  
  36  3:26  Probe x2 (Chrono Boost)  
  38  3:28  Pylon  
  38  3:34  Warp Prism (Chrono Boost)  
  38  3:36  Probe (Chrono Boost)  
  38  3:37  Probe (Chrono Boost)  
  38  3:40  Pylon  
  42  3:45  Probe (Chrono Boost)  
  42  3:48  Probe  
  44  3:56  Probe  
  44  4:00  Probe  
  44  4:02  Disruptor (Chrono Boost), Gravitic Drive (Chrono Boost)  
  46  4:08  Probe  
  50  4:12  Probe  
  50  4:13  Gateway  
  50  4:16  Sentry  
  53  4:20  Probe, Pylon  
  54  4:26  Gateway  
  54  4:31  Gateway  
  54  4:33  Probe  
  54  4:36  Disruptor, Pylon  
  55  4:43  Sentry  
  60  4:49  Gateway  
  60  4:54  Gateway  
  60  4:59  Probe  
  61  5:05  Gateway  
  61  5:12  Observer  
  61  5:16  Sentry x2  
  61  5:20  Pylon  
  66  5:22  Pylon  
  66  5:27  Stalker  
  68  5:28  Stalker  
  70  5:36  Gateway  
  70  5:40  Gateway  
  70  5:51  Stalker x3  
  70  5:53  Stalker  
  78  5:58  Pylon  
  78  6:00  Stalker x2  
  82  6:04  Adept  
  84  6:12  Observer  
  84  6:14  Pylon  
  85  6:24  Stalker x5  
  91  6:43  Adept x2  
  89  7:00  Nexus  
  89  7:01  Sentry x2  
  81  7:09  Adept x2  
  81  7:10  Adept x4  
  81  7:11  Disruptor (Chrono Boost)  
  81  7:14  Probe  
  83  7:17  Forge  
  83  7:30  Sentry  
  83  7:31  Sentry x3  
  83  7:32  Adept x3  
  83  7:33  Adept  
  83  7:36  Zealot  
  101  7:44  Disruptor (Chrono Boost)  
  101  7:49  Probe x2  
  106  7:54  Protoss Ground Weapons Level 1 (Chrono Boost)  
  88  8:13  Stalker  
  88  8:15  Adept x6  
  88  8:19  Warp Prism (Chrono Boost)  
  100  8:29  Probe x3  
  103  8:39  Sentry  
  103  8:40  Sentry  
  107  8:41  Probe, Adept x3  
  107  8:44  Adept  
  116  8:52  Probe x2, Pylon  
  118  9:10  Stalker x3  
  124  9:19  Stalker x4  
  124  9:23  Pylon  
  124  9:24  Pylon x2  
  132  9:45  Stalker x2  
  132  9:46  Stalker x5  
  140  10:11  Stalker x3  
  139  10:17  Stalker x4  
  102  10:29  Stalker x2  
  99  10:38  Stalker  
Show
View Real Time Build Order
Export as new Build Order

Shura Zerg 

Build Orders: Hatch First 

Get SALT Encoding   

  12  0:00  Drone  
  13  0:12  Overlord  
  13  0:18  Drone  
  14  0:30  Drone x2  
  14  0:35  Drone  
  17  0:47  Drone  
  18  0:55  Hatchery  
  17  1:09  Spawning Pool  
  17  1:11  Drone  
  17  1:17  Drone  
  18  1:18  Drone  
  19  1:28  Drone  
  20  1:42  Drone  
  21  1:51  Hatchery  
  20  1:56  Queen  
  22  2:08  Drone  
  22  2:09  Zergling x2  
  22  2:10  Overlord  
  22  2:11  Queen  
  22  2:14  Drone  
  27  2:18  Extractor  
  26  2:23  Drone x2  
  28  2:31  Drone  
  28  2:35  Queen  
  28  2:37  Drone  
  32  2:41  Overlord  
  32  2:47  Drone  
  32  2:48  Queen  
  34  3:00  Zergling x4  
  36  3:06  Zergling x4  
  36  3:07  Queen  
  36  3:08  Drone  
  36  3:09  Drone  
  36  3:11  Drone  
  43  3:27  Drone x7  
  43  3:33  Metabolic Boost  
  49  3:34  Drone  
  49  3:37  Extractor  
  49  3:43  Overlord  
  49  3:44  Drone  
  50  3:50  Overlord  
  50  3:54  Extractor  
  50  3:55  Drone  
  50  3:57  Lair  
  50  4:07  Drone x6  
  50  4:08  Drone x2  
  58  4:10  Drone  
  58  4:11  Drone  
  58  4:15  Overlord  
  58  4:16  Drone  
  61  4:17  Drone  
  61  4:21  Drone x2  
  64  4:26  Drone  
  64  4:27  Drone  
  64  4:28  Overlord  
  66  4:33  Overlord  
  66  4:36  Extractor  
  65  4:39  Evolution Chamber  
  65  4:41  Drone  
  65  4:42  Drone  
  65  4:43  Drone  
  67  4:46  Zergling x2  
  67  4:47  Zergling x12  
  67  4:51  Queen  
  76  5:01  Hydralisk Den  
  76  5:06  Queen  
  75  5:12  Drone x5  
  79  5:15  Drone x3  
  79  5:16  Spire  
  79  5:18  Zerg Melee Weapons Level 1  
  79  5:20  Drone  
  79  5:21  Drone  
  83  5:33  Muscular Augments  
  83  5:34  Hydralisk x3  
  89  5:39  Overlord  
  89  5:40  Overlord  
  89  5:45  Overlord  
  89  5:46  Overlord x2  
  87  5:56  Extractor  
  86  5:57  Extractor  
  86  6:00  Drone x11  
  96  6:16  Hydralisk x4  
  103  6:19  Hydralisk  
  103  6:20  Hatchery  
  103  6:25  Hydralisk x3  
  103  6:27  Hydralisk  
  103  6:28  Hydralisk x2  
  103  6:29  Overlord  
  116  6:37  Hydralisk x3  
  103  7:01  Hydralisk x6  
  103  7:02  Hydralisk x3  
  103  7:07  Hydralisk  
  118  7:08  Zergling x8  
  115  7:19  Hydralisk x3  
  115  7:22  Zergling x4  
  123  7:32  Hatchery, Zerg Flyer Weapons Level 1  
  122  7:37  Drone x3  
  122  7:38  Drone x3  
  128  7:48  Mutalisk  
  128  7:49  Overlord  
  128  7:50  Overlord  
  130  7:54  Overlord  
  130  7:55  Overlord  
  130  8:04  Hydralisk  
  130  8:05  Hydralisk x5  
  122  8:16  Extractor  
  122  8:17  Mutalisk x3  
  122  8:19  Drone  
  129  8:20  Drone x2  
  129  8:22  Extractor  
  129  8:23  Drone x2  
  131  8:28  Drone, Mutalisk x2  
  131  8:30  Overlord x2  
  131  8:31  Overseer  
  136  8:41  Mutalisk x2  
  136  8:48  Drone x6  
  141  8:50  Zerg Ground Armor Level 1  
  146  9:02  Hatchery  
  145  9:03  Mutalisk x2  
  145  9:05  Overlord x2  
  145  9:07  Mutalisk  
  151  9:14  Drone x5  
  156  9:21  Extractor  
  155  9:26  Extractor  
  150  9:32  Hatchery  
  150  9:34  Hydralisk  
  150  9:35  Hydralisk x9  
  169  9:44  Spine Crawler x2  
  169  9:45  Hydralisk x2  
  169  9:46  Spine Crawler  
  169  9:51  Hydralisk x3  
  170  10:01  Hydralisk x4  
  152  10:14  Hydralisk  
  152  10:15  Hydralisk x2  
  124  10:21  Hydralisk  
  124  10:22  Hydralisk x3  
  124  10:27  Hydralisk x3  
  124  10:28  Hydralisk x3  
  105  10:40  Hydralisk x4  

Tags
 
Add a new tag
Caveats
  • Supply blocks, unpowered buildings, or Contaminate may cause inaccurate times.
  • Supply counts are checked every 10 seconds.